AoeStats
← Linkg

Arabia

509961418Analyzed
1v1 RM · 3d ago on Sep 28, 2026· 48m 48s· 2 players
Game mode
Random Map
Map size
Tiny (2 player)
Population
200
Speed
Normal
Resources
Standard
Victory
Conquest
Starting age
Dark Age
Ending age
Imperial Age
RankedLock teamsTeams togetherTeam positionsShared explorationLock speedFull tech treeHidden civsTurbo modeCheats
Victory
Defeat
🇨🇷 Turks · Costa Rica
1469
+18
🇮🇪 Tupi · Ireland
1518
-18
Linkg
6:26 Loom
9:22 Feudal Age
11:35 Double-Bit Axe
20:55 Castle Age
18:50 Horse Collar
20:03 Forging
19:59 Scale Barding Armor
20:53 Bloodlines
24:12 Chain Barding Armor
27:56 Heavy Plow
28:31 Gold Mining
30:13 Fletching
34:27 Gold Shaft Mining
36:35 Bow Saw
42:14 Imperial Age
41:12 Wheelbarrow
40:23 Town Watch
40:30 Stone Mining
41:48 Iron Casting
41:33 Fervor
42:37 Husbandry
43:38 Plate Barding Armor
44:03 Blast Furnace
43:07 Cavalier
Addictiveme
6:22 Loom
8:57 Feudal Age
9:01 Champi Runner
10:05 Horse Collar
10:11 Double-Bit Axe
14:58 Fletching
21:19 Castle Age
19:44 Padded Archer Armor
20:48 Gold Mining
21:56 Bodkin Arrow
22:12 Forging
21:25 Crossbowman
22:38 Bow Saw
23:56 Pikeman
26:13 Heavy Plow
30:26 Ballistics
34:21 Scale Mail Armor
36:50 Squires
37:55 Leather Archer Armor
41:05 Wheelbarrow
45:19 Imperial Age
44:23 Chain Mail Armor
46:23 Conscription
45:28 Halberdier
47:11 Plate Mail Armor
47:43 Curare
47:56 Halberdier
Connection lost

Rejoining the realm…

Still unreachable

The connection could not be restored.

Session expired

The server has moved on; the page needs a fresh start.